 Dungeon Crawl Stone Soup version 0.30-a0-219-gf2db51d15e (webtiles) character file.

Game seed: 7086197924164173887

8820 KennySheep the Frost Mage (level 11, -9/84 HPs)
             Began as a Barachi Ice Elementalist on Oct 7, 2022.
             Was a High Priest of Okawaru.
             Mangled by a two-headed ogre
             ... wielding a +0 giant spiked club
              (15 damage)
             ... on level 10 of the Dungeon.
             The game lasted 00:43:49 (9689 turns).

KennySheep the Frost Mage (BaIE)                    Turns: 9689, Time: 00:43:49

Health: -9/84      AC: 11    Str: 10    XL:     11   Next: 36%
Magic:  16/18      EV: 17    Int: 17    God:    Okawaru [*****.]
Gold:   438        SH:  0    Dex: 15    Spells: 13/20 levels left

rFire   . . .      SeeInvis +    z - +0 great sword
rCold   . . .      Faith    .    (shield currently unavailable)
rNeg    . . .      Spirit   .    y - +0 troll leather armour {Pargi}
rPois   .          Reflect  .    I - +1 hat {Stlth+}
rElec   .          Harm     .    x - +0 cloak
rCorr   .          Rampage  .    (no gloves)
Will    .....                    K - +1 pair of boots of a treasure trove {+Blink SInv}
Stlth   +++++.....               (no amulet)
HPRegen 1.14/turn                (no ring)
MPRegen 0.16/turn                (no ring)

@: heroic, unable to hop, studying Unarmed Combat, slow
A: amphibious, slowness 1, strong legs 1, +LOS, iridescent scales 1
a: Hop, Renounce Religion, Evoke Blink, Heroism, Finesse, Duel


You were on level 10 of the Dungeon.
You worshipped Okawaru.
Okawaru was extremely pleased with you.
You visited 1 branch of the dungeon, and saw 10 of its levels.
You also visited: Bailey.

You collected 438 gold pieces.

Inventory:

Hand Weapons
 d - a +0 dagger
 z - a +0 great sword (weapon)
Armour
 a - a +0 robe
 c - a +0 pair of boots
 g - a +0 leather armour
 x - a +0 cloak (worn)
 y - a +0 troll leather armour (worn) {Pargi}
 I - a +1 hat of stealth (worn)
 K - the +1 pair of boots of a treasure trove (worn) {+Blink SInv}
   (Okawaru gifted it to you in a bailey)

   SInv:      It lets you see invisible.
   +Blink:    It lets you blink.
Jewellery
 q - a ring of fire
Wands
 s - a wand of paralysis (12)
 E - a wand of roots (9)
 H - a wand of digging (5)
 J - a wand of flame (30)
 M - a wand of acid (3)
Scrolls
 f - 2 scrolls of teleportation
 i - a scroll of blinking
 k - 2 scrolls of silence
 l - a scroll of amnesia
 m - a scroll of poison
 n - a scroll of fear
 o - a scroll of summoning
 t - a scroll of enchant weapon
 u - a scroll of vulnerability
 B - a scroll of immolation
 D - a scroll of acquirement {unknown}
 O - a scroll of enchant armour {unknown}
Potions
 b - a potion of magic
 e - 5 potions of curing
 h - 2 potions of mutation
 j - 2 potions of flight
 p - 3 potions of haste
 r - 2 potions of might
 v - a potion of invisibility {unknown}
 w - 3 potions of degeneration
 A - 2 potions of brilliance
 C - 4 potions of heal wounds
 F - a potion of attraction {unknown}
 G - a potion of lignification
 L - a potion of berserk rage {unknown}
 N - a potion of ambrosia {unknown}


   Skills:
 + Level 7.5(12.5) Fighting
 * Level 9.6(14.6) Long Blades
 + Level 7.2(12.2) Dodging
 - Level 4.4(9.4) Stealth
 - Level 5.3 Spellcasting
 - Level 0.4 Summonings
 * Level 12.0 Ice Magic
 + Level 4.9 Invocations


You had 13 spell levels left.
You knew the following spells:

 Your Spells              Type           Power      Damage    Failure   Level
a - Freeze                Ice            100%       1d11      1%          1
c - Ozocubu's Armour      Ice            45%        N/A       1%          3
x - Frozen Ramparts       Ice            90%        1d14      1%          3

Your spell library contained the following spells:

 Spells                   Type           Power      Damage    Failure   Level
 Slow                     Hex            16%        N/A       19%         1
 Static Discharge         Conj/Air       8%         2-3/arc   28%         2
 Sublimation of Blood     Necr           4%         N/A       28%         2
 Wereblood                Tmut           4%         N/A       28%         2
 Confusing Touch          Hex            4%         N/A       50%         3
 Inner Flame              Hex/Fire       4%         N/A       50%         3
 Vampiric Draining        Necr           4%         2d6       50%         3
 Vhi's Electric Charge    Tloc/Air       8%         N/A       50%         3
 Flame Wave               Conj/Fire      4%         2d5       88%         4
 Sticky Flame             Conj/Fire      4%         2d3       88%         4
 Arcjolt                  Conj/Air       2%         1d12      99%         5
 Lightning Bolt           Conj/Air       2%         1d13      99%         5
 Summon Ice Beast         Ice/Summ       Unusable   N/A       N/A         4
 Summon Hydra             Summ           Unusable   N/A       N/A         7

Dungeon Overview and Level Annotations

Branches:
Dungeon (10/15)            Temple (0/1) D:7            Lair (0/5) D:10
 Bailey (visited)
    Orc: D:9-12

Altars:
Ashenzari
Fedhas
Kikubaaqudgha
Okawaru
Qazlal
Xom
Zin

Shops:
D:1 [   D:7 =   D:9 =

Annotations:
D:4 1 runed translucent door, Crazy Yiuf
D:9 exclusion: obsidian statue


Innate Abilities, Weirdness & Mutations

You are amphibious.
You cover ground slowly.
You can hop short distances.
You have an extended range of vision and can be seen from far away.
You are partially covered in iridescent scales. (AC +2)


Message History

Found a scale mail.
You now have 438 gold pieces (gained 11).
A troll comes into view.
A troll is nearby!
A troll is nearby!
The troll shouts!
A wraith comes into view.
The boulder beetle curls into a ball and begins rolling!
Hop to where?
Press: ? - help, Dir - move target Boing!
A two-headed ogre comes into view.
It is wielding a +0 giant spiked club and a +0 giant club.
The two-headed ogre shouts in stereo!
You see here a ring of resist corrosion.
The two-headed ogre attacks as you move away!
The two-headed ogre barely misses you. x2
You see here a +0 leather armour.
You slash the two-headed ogre!
The two-headed ogre is lightly wounded.
The two-headed ogre hits you with a +0 giant spiked club!
The two-headed ogre closely misses you.
You slice the two-headed ogre!!
The two-headed ogre is severely wounded.
The two-headed ogre hits you with a +0 giant spiked club!!
The two-headed ogre misses you.
You hit the two-headed ogre.
The two-headed ogre is severely wounded.
The two-headed ogre hits you with a +0 giant spiked club!
* * * LOW HITPOINT WARNING * * *
The two-headed ogre hits you with a +0 giant club!
* * * LOW HITPOINT WARNING * * *
You hit the two-headed ogre.
The two-headed ogre is severely wounded.
The two-headed ogre attacks as you move away!
The two-headed ogre hits you with a +0 giant spiked club!
* * * LOW HITPOINT WARNING * * *
The two-headed ogre closely misses you.
You gain the combat prowess of a mighty hero.
The two-headed ogre hits you with a +0 giant spiked club!
You die...

..#
########.e#########.......
..#
#...........†Z............
###
..#.......#########..#....
#......○##..## .... ....
##...B.##....#..... ....
###.###.....#..... ####
##........#........
#.........#..#.....
#...###@.##..#.....
##....##O#...##
##....[B=WT..###..#
##...#(##....##..# .
#..##..###...#..# ..
#..#......○..#..# ... ...
#......W.##..##TW. ..#
...###.####......# ...
...##.°B..##......#


You could see a boulder beetle, a two-headed ogre and a wraith.

Vanquished Creatures
  Gastronok (D:8)
  A hydra (D:10)
  2 vault guards (Bailey)
  An ugly thing (D:10)
  2 trolls (D:9)
  Prince Ribbit (Bailey)
  A wyvern (D:8)
  3 humans (Bailey)
  A steam dragon (D:8)
  An acid dragon (D:8)
  3 water moccasins
  3 orc warriors
  2 ice beasts
  Pargi (D:4)
  2 sky beasts
  2 black bears
  A centaur (D:9)
  2 ogres
  2 phantoms
  A kobold brigand (D:7)
  6 bullfrogs
  A gnoll sergeant (D:7)
  2 scorpions
  5 wights (D:8)
  6 killer bees (D:8)
  7 howler monkeys
  6 hounds
  7 orc priests
  2 gnoll boudas
  5 iguanas
  8 orc wizards
  19 gnolls
  6 adders
  A shadow imp (D:7)
  A white imp (D:8)
  2 ufetubi
  A dart slug (D:2)
  29 orcs
  8 endoplasms
  3 giant cockroaches
  12 goblins
  13 hobgoblins
  2 quokkas
  15 ball pythons
  5 bats
  4 frilled lizards
  10 kobolds
  7 rats
226 creatures vanquished.

Vanquished Creatures (others)
  2 fungi (D:1)
  A plant (D:1)
3 creatures vanquished.

Grand Total: 229 creatures vanquished

Notes
Turn   | Place    | Note
-------+----------+-------------------------------------------
     0 | D:1      | KennySheep the Barachi Ice Elementalist began the quest for
                  | the Orb.
     0 | D:1      | Reached XP level 1. HP: 13/13 MP: 3/3
   275 | D:1      | Reached skill level 5 in Ice Magic
   282 | D:1      | Reached XP level 2. HP: 14/20 MP: 0/5
   360 | D:1      | Found a faded altar of an unknown god.
   379 | D:1      | Prayed at the altar of an unknown god.
   379 | D:1      | Became a worshipper of Warmaster Okawaru
   379 | D:1      | Reached * piety under Okawaru
   793 | D:1      | Found Wolluaha's Antique Armour Emporium.
   949 | D:1      | Reached skill level 1 in Fighting
   949 | D:1      | Reached XP level 3. HP: 23/26 MP: 3/6
  1496 | D:2      | Reached XP level 4. HP: 32/32 MP: 4/8
  1639 | D:2      | Learned a level 3 spell: Frozen Ramparts
  1643 | D:2      | Learned a level 3 spell: Ozocubu's Armour
  2280 | D:3      | Reached XP level 5. HP: 38/38 MP: 6/9
  2351 | D:3      | Reached skill level 6 in Ice Magic
  2936 | D:3      | Reached ** piety under Okawaru
  3075 | D:4      | Reached XP level 6. HP: 15/46 MP: 3/11
  3207 | D:4      | Found a glowing silver altar of Zin.
  3350 | D:4      | Noticed a black bear
  3358 | D:4      | Killed a black bear
  3484 | D:4      | Found a shimmering altar of Xom.
  3739 | D:4      | Noticed Pargi
  3748 | D:4      | Found a runed translucent door.
  3749 | D:4      | Noticed Crazy Yiuf
  3763 | D:4      | Killed Pargi
  3764 | D:4      | Reached skill level 7 in Ice Magic
  3764 | D:4      | Reached XP level 7. HP: 42/52 MP: 3/13
  3788 | D:4      | Identified the +3 short sword "Ekuerch" {antimagic, rN+
                  | SInv}
  3849 | D:4      | Reached skill level 1 in Long Blades
  4134 | D:5      | Entered Level 5 of the Dungeon
  4199 | D:5      | Found an ancient bone altar of Kikubaaqudgha.
  4394 | D:5      | Reached *** piety under Okawaru
  4516 | D:5      | Reached skill level 1 in Invocations
  4546 | D:5      | Reached XP level 8. HP: 60/60 MP: 9/14
  5020 | D:6      | Reached skill level 8 in Ice Magic
  5535 | D:6      | Reached **** piety under Okawaru
  5721 | D:6      | Reached skill level 5 in Dodging
  5951 | D:7      | Found Ydapho's Jewellery Emporium.
  5970 | D:7      | Reached skill level 5 in Spellcasting
  5979 | D:7      | Reached skill level 5 in Fighting
  5979 | D:7      | Reached skill level 5 in Long Blades
  5979 | D:7      | Reached XP level 9. HP: 67/68 MP: 8/16
  6235 | D:7      | Reached skill level 9 in Ice Magic
  6295 | D:7      | Found a staircase to the Ecumenical Temple.
  6517 | D:7      | Found a broken altar of Ashenzari.
  7356 | D:8      | Noticed Gastronok
  7374 | D:8      | Killed Gastronok
  7374 | D:8      | Reached ***** piety under Okawaru
  7375 | D:8      | Reached skill level 10 in Ice Magic
  7375 | D:8      | Reached XP level 10. HP: 62/76 MP: 6/17
  7525 | D:8      | Received a gift from Okawaru
  8075 | D:8      | Found an iron altar of Okawaru.
  8075 | D:8      | Found a blossoming altar of Fedhas.
  8351 | D:9      | Found a stormy altar of Qazlal.
  8405 | D:9      | Found a flagged portal.
  8498 | Bailey   | Entered a bailey
  8510 | Bailey   | Reached skill level 11 in Ice Magic
  8713 | Bailey   | Noticed Prince Ribbit
  8742 | Bailey   | Killed Prince Ribbit
  8796 | Bailey   | Noticed a vault guard
  8814 | Bailey   | Killed a vault guard
  8814 | Bailey   | Identified the +1 pair of boots of a treasure trove {+Blink
                  | SInv} (Okawaru gifted it to you in a bailey)
  8814 | Bailey   | Received a gift from Okawaru
  8815 | Bailey   | Reached XP level 11. HP: 22/84 MP: 10/18
  8883 | Bailey   | Noticed a vault guard
  8901 | Bailey   | Killed a vault guard
  8970 | D:9      | Noticed an obsidian statue
  8972 | D:9      | Gained mutation: You are partially covered in iridescent
                  | scales. (AC +2) [potion of mutation]
  8988 | D:9      | Found Canif's Jewellery Boutique.
  9463 | D:10     | Entered Level 10 of the Dungeon
  9478 | D:10     | Found a staircase to the Lair.
  9516 | D:10     | Noticed a boulder beetle
  9517 | D:10     | Noticed a green ugly thing
  9519 | D:10     | Noticed a seven-headed hydra
  9520 | D:10     | Noticed a deep elf pyromancer
  9534 | D:10     | Killed a green ugly thing
  9535 | D:10     | Killed a seven-headed hydra
  9536 | D:10     | Reached skill level 12 in Ice Magic
  9677 | D:10     | Noticed a two-headed ogre
  9688 | D:10     | HP: 4/84 [two-headed ogre/+0 giant spiked club (7)]
  9689 | D:10     | Mangled by a two-headed ogre

Illustrated notes

Levels and vault maps discovered:
D:1:      minmay_arrival_widening_spiral_wide, layout_basic, serial_shops, shop,
          dreamdust_ecumenical_altar_grove
D:2:      layout_basic
D:3:      layout_basic
D:4:      layout_rooms, old_standard_altar, general_overflow_altar,
          minmay_door_square, serial_bayou_pond_c, uniq_crazy_yiuf_cottage,
          uniq_pargi
D:5:      cheibrodos_quashed, layout_loops_ring, nicolae_overflow_crystal_walls
D:6:      layout_basic, minmay_manual_moon
D:7:      layout_basic, kennysheep_mini, minmay_temple_entry_proselytizer,
          serial_co_window_serial, co_window_paths_a, co_window_paths_a,
          co_window_paths_a, co_window_paths_a, co_window_of_opportunity_a,
          co_window_paths_b, co_window_broadway_c, co_window_broadway_a,
          co_window_broadway_a, co_window_broadway_b, co_window_corner_b,
          co_window_corner_b, co_window_paths_d, co_window_paths_e,
          glass_columns_a, glass_columns_b, glass_columns_c, grunt_ministairs_9,
          chequers_serial_rivers_small_b, nicolae_stop_n_shop_1
D:8:      layout_loops_corners, gammafunk_temple_overflow_wave, eino_jars,
          uniq_gastronok
D:9:      layout_rooms, grunt_qazlal_clouds, serial_shops, shop, enter_bailey_2,
          minmay_statue_bubble
D:10:     minmay_curly_fans, layout_basic, david_lair_shrubbed,
          dk_noncrumbling_3, chequers_arboretum

Skill      XL: |  1  2  3  4  5  6  7  8  9 10 11 |
---------------+----------------------------------+-----
Ice Magic      | 5 6 7 8 10 11 12 | 12.0
Fighting       | 1 2 3 4 5 6 7 |  7.5
Spellcasting   | 3 4 5 |  5.3
Dodging        | 3 4 5 6 7 |  7.2
Long Blades    | 2 5 7 9 |  9.6
Invocations    | 1 2 3 4 |  4.9
Stealth        | 3 4 |  4.4
Summonings     | |  0.4

Action                   |  1- 3 |  4- 6 |  7- 9 | 10-12 || total
-------------------------+-------+-------+-------+-------++-------
Melee: Unarmed           |     9 |       |       |       ||     9
       Dagger            |    21 |    64 |     9 |       ||    94
       Punch             |       |     2 |       |       ||     2
       Great sword       |       |       |   115 |   164 ||   279
 Cast: Freeze            |    51 |    92 |    55 |     1 ||   199
       Frozen Ramparts   |       |     3 |    14 |    20 ||    37
       Ozocubu's Armour  |       |     2 |    10 |    13 ||    25
Invok: Heroism           |       |     1 |     3 |     1 ||     5
 Abil: Hop               |       |     2 |       |     2 ||     4
  Use: Potion            |       |     2 |     1 |     6 ||     9
       Scroll            |       |     1 |       |    11 ||    12
 Stab: Sleeping          |       |       |     1 |     7 ||     8
Armor: Robe              |     9 |       |       |       ||     9
       Leather armour    |    13 |    39 |       |       ||    52
       Troll leather arm |       |       |    63 |    60 ||   123
Dodge: Dodged            |    51 |   103 |   159 |   124 ||   437

Table legend: (Time is in decaauts)
 A = Elapsed time spent in this place.
 B = Non-inter-level travel time spent in this place.
 C = Inter-level travel time spent in this place.
 D = Time resting spent in this place.
 E = Time spent auto-exploring this place.
 F = Levels seen in this place.
 G = Mean time per level.
                   A        B        C        D        E       F      G
               +--------+--------+--------+--------+--------+-----+--------+
         Total |  10968 |  10629 |    339 |   1199 |   7412 |  11 |  997.1 |
       Dungeon |  10500 |  10161 |    339 |   1115 |   7262 |  10 | 1050.0 |
        Bailey |    467 |    467 |      0 |     84 |    150 |   1 |  467.0 |
               +--------+--------+--------+--------+--------+-----+--------+

Top non-repeatable levels by time:
     D:8: 1526 daAuts
     D:7: 1264 daAuts
     D:2: 1249 daAuts
     D:1: 1196 daAuts
     D:4: 1096 daAuts
     D:6: 1090 daAuts
     D:3: 1045 daAuts
     D:5: 983 daAuts
     D:9: 845 daAuts
  Bailey: 467 daAuts
    D:10: 201 daAuts
